Cogmind - Beta 16 @@@ ROGUE MODE // 2025.12.21 @ 22:47:58 Player: tsintsir Result: Destroyed by Y-45 Defender with Beam Rifle Performance ------------- Evolutions (2) 1000 Regions Visited (3) 600 Robots Destroyed (89) 445 Value Destroyed (1483) 1483 Prototype IDs (5) 100 Alien Tech Used (0) 0 Bonus (30) 30 TOTAL SCORE: 3658 Bonus ------- High Alert Combat Kills 30 Cogmind --------- Core Integrity 0/550 Matter 295/300 Energy 264/265 System Corruption 0% Temperature Cool (9) Movement Core (200) Ox3 Location -8/Materials Parts ------- > --- POWER (1) -------- Improved Ion Engine > --- PROPULSION (3) --- (None) > --- UTILITY (4) ------ Improved Heat Sink Improved Signal Interpreter Transport Network Coupler Advanced Targeting Computer > --- WEAPON (3) ------- Katana > --- INVENTORY (5) ---- Improved Ion Engine Small Battery (100) Hardened Light Armor Plating Field Laser Improved Datajack Peak State ------------ > --- POWER ------------ Improved Ion Engine > --- PROPULSION ------- Wheel Wheel Armored Wheel > --- UTILITY ---------- Improved Heat Sink Improved Sensor Array Improved Signal Interpreter Transport Network Coupler > --- WEAPON ----------- Improved EM Shotgun Advanced Beam Rifle Heavy Flail > --- INVENTORY -------- Improved Ion Engine Small Battery Hardened Light Armor Plating Field Laser Improved Datajack [Rating: 27] Favorites ----------- Power Ion Engine Engine Ion Engine Propulsion Wheel Treads Light Treads Wheel Wheel Utility Signal Interpreter Device Improved Terrain Scanner Storage Small Storage Unit Processor Signal Interpreter Protection Light Armor Plating Weapon Medium Laser Energy Gun Medium Laser Ballistic Gun Heavy Assault Rifle Impact Weapon Heavy Flail Slashing Weapon Mining Claw Build | -11 -10 -9 -8 ------- Run | Yrd Mat Mat Mat Slots Evolved 4 | . . 2 2 Power . | . . . . Propulsion 1 | . . 1 . Utility 2 | . . 1 1 Weapon 1 | . . . 1 Parts Attached 54 | 8 10 7 29 Power 5 | 1 1 2 1 Engine 5 | 1 1 2 1 Core . | . . . . Reactor . | . . . . Propulsion 18 | 3 5 2 8 Treads 1 | . . . 1 Leg . | . . . . Wheel 17 | 3 5 2 7 Hover . | . . . . Flight . | . . . . Utility 15 | 2 2 1 10 Device 6 | 1 . 1 4 Storage 2 | 1 1 . . Processor 5 | . 1 . 4 Hackware . | . . . . Protection 2 | . . . 2 Artifact . | . . . . Weapon 16 | 2 2 2 10 Energy Gun 11 | 2 1 2 6 Energy Cannon . | . . . . Ballistic Gun 2 | . . . 2 Ballistic Cannon . | . . . . Launcher . | . . . . Special Weapon . | . . . . Impact Weapon 1 | . . . 1 Slashing Weapon 2 | . 1 . 1 Piercing Weapon . | . . . . Special Melee Weapon . | . . . . Unidentified Prototypes 3 | . . 1 2 Parts Lost 19 | . 1 . 18 Power 1 | . . . 1 Propulsion 5 | . 1 . 4 Utility 6 | . . . 6 Weapon 7 | . . . 7 Highest Loss Streak 12 | . 1 . 12 To Critical Strikes . | . . . . Average Backups 5 | 2 5 6 4 Power . | . 1 1 1 Propulsion . | . . . . Utility 2 | . 3 3 1 Weapon . | 1 . 2 . Tool/Special . | . . . . Unused Backups 3 | . 1 . 2 Power . | . . . . Propulsion . | . . . . Utility . | . . . . Weapon 1 | . 1 . . Tool/Special 2 | . . . 2 Average Slot Usage (%) 96 | . 99 94 91 Engine 11 | . 14 11 8 Wheel 25 | . 27 30 20 Device 11 | . 9 8 16 Storage 5 | . 6 11 2 Processor 11 | . 12 11 10 Protection 1 | . . . 4 Energy Gun 18 | . 17 22 17 Impact Weapon 1 | . . . 5 Slashing Weapon 5 | . 10 . . Peak Build Rating 27 | 9 9 14 27 Average Rating 13 | 6 8 12 20 On Entrance 7 | . 9 7 14 Avg Prop Armor Cover (%) . | . . . . Naked Turns . | . . . . Heaviest Build 25 | 14 14 20 25 Greatest Support 34 | 26 20 30 34 Greatest Overweight (x) 4 | . . . 4 Average Overweight (x) . | . . . . Largest Inventory Capacity 8 | 8 8 8 8 Average Capacity 6 | 6 6 8 5 Most Carried 8 | 5 8 8 6 Average Carried 5 | 2 5 6 4 Final Capacity 8 | 8 8 8 5 Final Carried 7 | 5 7 7 5 Class Distribution -------------------- 56% | Mutant 26% | Scavenger-Mutant 13% | Scavenger-Skirmisher Dominant Class ---------------- Mutant | -10/Materials Scavenger-Mutant | -9/Materials Scavenger-Mutant | -8/Materials Resources | -11 -10 -9 -8 ----------- Run | Yrd Mat Mat Mat Matter Collected 903 | 273 172 70 388 Remotely . | . . . . Salvage Created 3193 | 48 825 499 1821 Parts 198 | 13 43 36 106 Haulers Intercepted 9 | . 2 2 5 Recyclers Shooed 5 | 1 2 . 2 Parts Field Recycled . | . . . . Retrieved Matter . | . . . . Parts Self-Destructed . | . . . . Prevented . | . . . . Parts Restored . | . . . . Kills | -11 -10 -9 -8 ------- Run | Yrd Mat Mat Mat Combat Hostiles Destroyed 39 | . 9 5 25 Melee 13 | . 3 . 10 Guns 19 | . 6 5 8 AOE 4 | . . . 4 Classes Destroyed 11 | 1 7 1 2 Worker 17 | . 4 5 8 Builder 5 | . 1 . 4 Tunneler 6 | 3 1 . 2 Hauler 9 | . 2 2 5 Recycler 7 | . 4 . 3 Watcher 6 | . 2 2 2 Swarmer 13 | . 6 . 7 Cutter 2 | . . . 2 Grunt 16 | . 3 3 10 Brawler 1 | . . . 1 Sentry 7 | . . 2 5 Best Kill Streak 8 | 2 5 4 8 Combat Bots Only 5 | . 3 3 5 Max Kills in Single Turn 4 | 1 2 1 4 Gunslinging 1 | . 1 . . Exploded 3 | . . . 3 Melee 1 | . 1 . 1 Uniques/NPCs Destroyed . | . . . . Combat | -11 -10 -9 -8 -------- Run | Yrd Mat Mat Mat Hostile Shots Fired 222 | . 53 11 158 Missed 53 | . 15 3 35 Hits 169 | . 38 8 123 Melee 9 | . . . 9 Projectile 160 | . 38 8 114 Critical Strikes 11 | . . 1 10 Damage Taken 2357 | . 356 134 1867 Core 665 | . 86 16 563 Absorbed by Shields . | . . . . Core Remaining (%) 87 | 100 65 96 . Volleys Fired 145 | 4 58 23 60 Largest 3 | 2 2 2 3 Hottest 163 | 90 90 101 163 Shots Fired 276 | 8 110 45 113 Gun 276 | 8 110 45 113 Cannon . | . . . . Launcher . | . . . . Special . | . . . . Kinetic 18 | . . . 18 Thermal 168 | 8 110 26 24 Explosive . | . . . . Electromagnetic 90 | . . 19 71 Robot Hit Streak 14 | 3 8 12 14 Robot Miss Streak 4 | 2 4 4 4 Penetration Max . | . . . . Secondary Targets 1 | . 1 . . Max Gunslinging Chain 1 | . 1 . . Shots Hit Robots 221 | 4 67 33 117 Core Hits 117 | 3 30 22 62 Critical Kills . | . . . . Critical Parts Destroyed 4 | . . . 4 Critical Strikes 12 | . 4 1 7 Burn 6 | . 4 1 1 Smash 5 | . . . 5 Sever 1 | . . . 1 Melee Attacks 77 | . 26 . 51 Impact 31 | . . . 31 Slashing 46 | . 26 . 20 Piercing . | . . . . Sneak Attacks 12 | . 3 . 9 Combat Hostiles 1 | . . . 1 Follow-up Attacks . | . . . . Damage Inflicted 4989 | 46 990 472 3481 Guns 2505 | 46 705 472 1282 Cannons . | . . . . Explosions 404 | . . . 404 Melee 2070 | . 285 . 1785 Ramming 10 | . . . 10 Kinetic 125 | . . . 125 Thermal 1653 | 46 705 250 652 Explosive . | . . . . Electromagnetic 1131 | . . 222 909 Impact 1384 | . . . 1384 Slashing 686 | . 285 . 401 Piercing . | . . . . Highest Corruption . | . . . . Average Corruption . | . . . . Corruption Purged . | . . . . Corruption Blocked . | . . . . Overload Shots . | . . . . Overflow Damage 481 | . 34 . 447 Projectiles . | . . . . Explosions . | . . . . Melee 481 | . 34 . 447 Knockbacks 3 | . . . 3 Impact 2 | . . . 2 Kinetic . | . . . . Secondary 1 | . . . 1 Self-Inflicted Damage 79 | . . 32 47 Shots 3 | . . 1 2 Rammed 1 | . . . 1 Targets Rammed 1 | . . . 1 Kicked . | . . . . Crushed . | . . . . Highest Temperature 303 | 60 221 156 303 Average Temperature 65 | 33 63 46 99 Received Heat Transfer 1020 | . 51 51 918 Effects 5 | . 3 . 2 Energy Bleed 1 | . . . 1 Interference 4 | . 3 . 1 Siege Activations . | . . . . Martial Activations . | . . . . Shielding Activations . | . . . . Robots Disrupted 1 | . . . 1 Combat Hostiles 1 | . . . 1 Robots Corrupted 4 | . . . 4 Combat Hostiles 3 | . . . 3 Parts Fried 8 | . . . 8 Impact Corruptions 13 | . . . 13 Robots Melted . | . . . . Combat Hostiles . | . . . . Parts Melted 5 | 1 3 1 . Heat Transferred 4013 | 124 2180 716 993 Parts Sabotaged . | . . . . Parts Stolen . | . . . . Parts Stripped . | . . . . Power Chain Reactions 6 | . . 1 5 Alert | -11 -10 -9 -8 ------- Run | Yrd Mat Mat Mat Maximum Alert Level 2 | . . . 2 Low Security (%) 96 | 100 100 100 89 Level 1 2 | . . . 6 Level 2 1 | . . . 4 Level 3 . | . . . . Level 4 . | . . . . Level 5 . | . . . . High Security . | . . . . Max Security . | . . . . Peak Influence 479 | 10 98 80 479 Initial 1 | . . 1 . Average 32 | 2 10 25 68 Influence Increases 1470 | 15 377 201 877 Destroy 0b10 Robot/C 780 | . 180 100 500 Destroy 0b10 Robot/NC 250 | 15 70 45 120 Destroy Leader 200 | . 38 38 124 Successful Hack 66 | . 49 10 7 Disable Machine 30 | . 15 . 15 Destroy Structure 39 | . 10 8 21 Lose Combat Pursuer 105 | . 15 . 90 Influence Decreases 991 | 15 373 205 398 Entered New Map 3 | . . 3 . Time Decay 886 | 15 363 202 306 Lost Part 92 | . 10 . 82 Lost Ally 10 | . . . 10 Squads Dispatched 5 | . 1 1 3 Investigation 2 | . 1 . 1 Extermination . | . . . . Reinforcement 3 | . . 1 2 Assault . | . . . . Garrison . | . . . . Intercept . | . . . . Searches Triggered . | . . . . Construction Impeded 1 | . . . 1 Haulers Reinforced . | . . . . Active Scanning Responses . | . . . . Cargo Convoy Interrupts . | . . . . Stealth | -11 -10 -9 -8 --------- Run | Yrd Mat Mat Mat Distress Signals 7 | . 1 1 5 Communications Jammed . | . . . . Distress Signals . | . . . . Times Spotted 70 | . 24 8 38 Peak Tracking Total 8 | . 6 5 8 Tactical Retreats 4 | . 1 . 3 Traps | -11 -10 -9 -8 ------- Run | Yrd Mat Mat Mat Traps Triggered 1 | . 1 . . Indirectly . | . . . . Trap Hack Attempts . | . . . . Triggered . | . . . . Disarmed . | . . . . Reprogrammed . | . . . . Reused . | . . . . Traps Extracted . | . . . . Installed . | . . . . Triggered . | . . . . Machines | -11 -10 -9 -8 ---------- Run | Yrd Mat Mat Mat Machines Disabled 2 | . 1 . 1 Max in Single Turn 1 | . 1 . 1 Machines Repaired . | . . . . Machines Dismantled . | . . . . Machines Sabotaged . | . . . . Overloaded Fab Kills . | . . . . Hacking | -11 -10 -9 -8 --------- Run | Yrd Mat Mat Mat Machines Accessed 14 | . 8 1 5 Terminals 13 | . 8 1 4 Fabricators . | . . . . Repair Stations . | . . . . Recycling Units . | . . . . Scanalyzers 1 | . . . 1 Garrison Access . | . . . . Total Hacks 42 | . 18 4 20 Successful 20 | . 10 3 7 Failed 21 | . 8 1 12 Catastrophic 5 | . 2 . 3 Database Lockouts 1 | . . . 1 Manual 28 | . 12 4 12 Terminals 35 | . 18 4 13 Fabricators . | . . . . Repair Stations . | . . . . Recycling Units . | . . . . Scanalyzers 7 | . . . 7 Garrison Access . | . . . . Terminal Hacks 8 | . 5 1 2 Record 1 | . . . 1 Robot Analysis 2 | . 2 . . Prototype ID Bank 1 | . 1 . . Terminal Index 3 | . 1 1 1 Reinforcement Status 1 | . 1 . . Fabricator Hacks . | . . . . Repair Station Hacks . | . . . . Recycling Unit Hacks . | . . . . Scanalyzer 4 | . . . 4 Retrieve Study 4 | . . . 4 Garrison Access Hacks . | . . . . Unauthorized Hacks 8 | . 5 2 1 Terminals 8 | . 5 2 1 Assimilate 6 | . 4 1 1 Operators 2 | . 1 1 . Fabricators . | . . . . Repair Stations . | . . . . Recycling Units . | . . . . Scanalyzers . | . . . . Garrison Access . | . . . . Data Cores Recovered . | . . . . Used . | . . . . Hacking Detections 12 | . 7 1 4 Full Trace Events . | . . . . Feedback Events . | . . . . Feedback Blocked . | . . . . Robot Schematics Acquired . | . . . . Robots Built . | . . . . Authchips . | . . . . Time . | . . . . Total Robot Build Rating . | . . . . Part Schematics Acquired . | . . . . Parts Built . | . . . . Authchips . | . . . . Time . | . . . . Total Part Build Rating . | . . . . Part Studies Acquired 4 | . . . 4 Parts Repaired . | . . . . Time . | . . . . Parts Recycled . | . . . . Recycled Matter . | . . . . Retrieved Matter . | . . . . Retrieved Components . | . . . . Parts Scanalyzed . | . . . . Part Schematics Acquired . | . . . . Parts Damaged . | . . . . Bothacking | -11 -10 -9 -8 ------------ Run | Yrd Mat Mat Mat Used RIF Installer . | . . . . Robots Hacked . | . . . . Non-combat . | . . . . Combat . | . . . . Robot Hacks Applied . | . . . . Relay Couplers Released . | . . . . Fabnet Peak Effective % . | . . . . Robots Rewired . | . . . . Allies Hacked . | . . . . Hacks Repelled . | . . . . Allies | -11 -10 -9 -8 -------- Run | Yrd Mat Mat Mat Total Allies 3 | . 2 . 1 Largest Group 2 | . 1 1 2 Highest-Rated Group 20 | . 10 10 20 Highest-Rated Ally 10 | . 10 10 10 Total Orders 3 | . 1 . 2 STAY 2 | . 1 . 1 FOLLOW 1 | . . . 1 Ally Attacks . | . . . . Total Damage . | . . . . Kills . | . . . . Allies Corrupted . | . . . . Allies Melted . | . . . . Intel | -11 -10 -9 -8 ------- Run | Yrd Mat Mat Mat Active Infowar (turns) 4520 | 41 2085 524 1870 Sensors 2267 | . . 524 1743 Terrain 2763 | 41 2085 . 637 T.N.C. 283 | . . . 283 Robot Analysis Total 2 | . 2 . . Derelict Logs Recovered . | . . . . Drone Launches . | . . . . Drone Recoveries . | . . . . Exploration | -11 -10 -9 -8 ------------- Run | Yrd Mat Mat Mat Turns Passed 5990 | 88 3147 639 2116 Spaces Moved 2004 | 68 996 300 640 Core 24 | 1 . . 23 Treads 147 | . . . 147 Legs . | . . . . Wheels 1833 | 67 996 300 470 Hover . | . . . . Flight . | . . . . Fastest Speed 50 | 50 80 80 50 Average Speed 89 | 85 80 80 108 Slowest Speed 250 | 100 80 80 250 Overloaded Moves . | . . . . Propulsion Burnouts . | . . . . Robots Hopped . | . . . . Potential Cave-ins . | . . . . Cave-ins Triggered . | . . . . Exploration Rate (%) 40 | 3 91 21 46 Regions Visited 3 Branch Regions . Pre-discovered Areas . | . . . . Known Exits Taken 2 | . 1 1 . Unknown Exits Taken 1 | 1 . . . Scrap Searched . | . . . . Spaces Dug 13 | . 10 . 3 Terrain Destroyed 35 | . 10 6 19 Melee 13 | . 10 . 3 Projectile . | . . . . AOE 22 | . . 6 16 Terrain Rammed . | . . . . Walls Destroyed . | . . . . Machines Disabled . | . . . . Actions | -11 -10 -9 -8 --------- Run | Yrd Mat Mat Mat Total 5784 | 86 3179 654 1865 Wait 3440 | . 2070 316 1054 Move 2001 | 67 995 299 640 Hop . | . . . . Pick Up 20 | 6 7 3 4 Fast Attach 42 | 7 3 4 28 Attach 11 | 1 2 2 6 Detach 5 | . 1 1 3 Swap 16 | . 12 1 3 Drop 26 | 1 5 5 15 Fire 145 | 4 58 23 60 Melee 77 | . 26 . 51 Ram 1 | . . . 1 Kick . | . . . . Crush . | . . . . Escape Stasis . | . . . . Rewire . | . . . . Trap . | . . . . Miscellaneous . | . . . . Route ------- -11/Scrapyard -10/Materials (discovered 4 exits: *Mat x2 / *Min x2) -9/Materials -8/Materials History --------- Turn | Location | Event 13 | -11/Scrapyard | Discovered new exit (range 16) 89 | -11/Scrapyard | Entered Materials 317 | -10/Materials | Build established: Mutant 448 | -10/Materials | Discovered new exit (range 16) 468 | -10/Materials | Identified exit to Mines 510 | -10/Materials | Discovered new exit (range 16) 527 | -10/Materials | Identified exit to Materials 819 | -10/Materials | Discovered exit to Materials (range 12) 1021 | -10/Materials | Discovered exit to Mines (range 16) 3236 | -10/Materials | Entered another Materials area 3236 | -9/Materials | Accompanied by 1 ally 3236 | -9/Materials | Evolved 2 slots: Propulsion x1, Utility x1 3538 | -9/Materials | Discovered new exit (range 3) 3539 | -9/Materials | Identified exit to Materials 3587 | -9/Materials | Build established: Scavenger-Mutant 3875 | -9/Materials | Entered another Materials area 3875 | -8/Materials | Accompanied by 1 ally 3875 | -8/Materials | Evolved 2 slots: Utility x1, Weapon x1 4176 | -8/Materials | Build established: Scavenger-Skirmisher 4527 | -8/Materials | Core integrity fell below 50% 4568 | -8/Materials | Lost 12 parts (1p3n3u5w) 4875 | -8/Materials | Build established: Scavenger-Mutant 4988 | -8/Materials | Central database locked down 5762 | -8/Materials | Core integrity fell below 20% 5991 | -8/Materials | Destroyed by Y-45 Defender with Beam Rifle Last Messages --------------- 05946_ Acquired Wheel+. 05948_ Acquired 10 matter. 05953_ Dropped Hvy. Flail. 05954_ Acquired Katana. 05958_ Connecting with Terminal... 05960_ K-01 Serf collects debris. 05964_ ALERT: Suspicious intruders detected, dispatching Cutter reinforcements to area. 05964_ Acquired 10 matter. 05964_ K-01 Serf collects debris. 05969_ Imp. EM Shotgun destroyed. 05969_ Acquired Adv. Targeting Computer. 05971_ Imp. EM Shotgun destroyed. 05974_ Arm. Wheel+ severed. 05975_ Wheel+ severed. 05976_ C-17 Slicer Blade Saw severed. 05978_ C-17 Slicer destroyed. 05981_ Wheel+ severed. 05983_ C-17 Slicer destroyed. 05986_ K-01 Serf collects debris. Map ----- +----------------------------------------------------+ | =%= ####### #######??????????????????? | | ! ! # """ #??????????????????? | | T # """ #??????????????????? | | # """ #??????????????????? | | ###+### # #??????????????????? | | ##+#### ####### = #??????????????????? | | ??????# #?????# ! #????? #??????????? | | ??????# #?????# #???"" #??????????? | | ??????# #########/#### "R #??????????? | | ??????# +=%[[%[[!== + """ #??????????? | | ??????# ######[[*%#### #?????????? | | ??????#] #????#*!*%#?###########????????? | | ??????# #????#=%!=#?# /[ #????????? | | ??????# #????#[=[!#?# T / [ #????????? | | ??????######????# ![### ] #????????? | | ????????????????# != # #????????? | | ????????????????# =/% #????????? | | ????????????????# *#! """"" #????????? | | ????????????????# # """"" #????????? | | ????????????????# # """"" #????????? | | ????????????????# # #########????????? | | ????????????????# |###########????????? | | ????????????????# %# [ #????????? | | ????????????????# #!/=c !#????????? | | ????????????????# #]%m=! #????????? | | ????????????????# ku /Y@== #????????? | | ????????????????# ###########????????? | | ????????????????# #??????????????????? | | ????????????????# #??????????????????? | | ????????????????# #??????????????????? | | ????????????????# #??????????????????? | | ????????????????# #??????????????????? | | ????????????????# #??????????????????? | | ????????????????# ???????????????????? | | ????????????????#+## ???????????????????? | | ???????????????????# ???????????????????? | | ??????????????????? ???????????????????? | | ??????????????????? ???H???????????????? | | ??????????????????? ???????????????????? | | ???????????????????? ! ???????????????????? | | ??????????????????????????????????????????? | | ??????????????????????????????????????????? | | ??????????????????????????????????????????? | | ??????????????????????????????????????????? | | ??????????????????????????????????????????? | | ??????????????????????????????????????????? | | | | | | | | | +----------------------------------------------------+ Best States ------------- Heat Dissipation 45 Energy Generation 14 Energy Capacity 280 Matter Stores 300 Matter Capacity 300 Sight Range 16 Robot Scan Range 15 Terrain Scan Range 16 Terrain Scan Density 10 Armor Coverage 300 Evasion (%) 50 Targeting Accuracy 8 Recoil Reduction 1 Item Schematics ----------------- None Robot Schematics ------------------ None Fabricated ------------ Nothing Repaired ---------- Nothing Studied --------- Imp. Datajack | -8/Materials | Hacked Imp. Ion Engine | -8/Materials | Hacked Wheel | -8/Materials | Hacked Arm. Wheel | -8/Materials | Hacked Alien Tech Used ----------------- None Achievements -------------- None Challenges ------------ None Game ------ Seed MyomerHardlightShotgun Manual? 0 Play Time 00:49:24 Cumulative 38.3 hours Start 2025.12.21 @ 21:56:34 End 2025.12.21 @ 22:47:58 Sessions 1 Manual Loads 0 Difficulty Rogue Special Mode None Game No. 38 Rogue 38 Adventurer 0 Explorer 0 Win Type - Total 0 Types 0/0/0/0/0/0/0/0/0/0 Lore% 28 Gallery% 33 Achievement% 24 Wizard Run 0 Options --------- Layout 0 ASCII 0 Keyboard 0 Movement Mouse Keybinds 0 Fullscreen 2 Font 24/Smallcaps Map View 76x50 Zoom Use 0% Tactical HUD 1 Map Filters NONE Filters NONE Steam 1 RUN: 0c56526d-469b-4a41-974d-24bb59423921